 Dungeon Crawl Stone Soup version 0.27-a0-1572-gacd6f1ce93 (webtiles) character file.

Game seed: 3393877034257374664

21 DocSulfur the Grave Robber (level 2, 1/28 HPs)
             Began as a Demonspawn Necromancer on July 17, 2021.
             Quit the game on level 2 of the Dungeon.
             The game lasted 00:04:44 (2185 turns).

DocSulfur the Grave Robber (Demonspawn Necromancer) Turns: 2185, Time: 00:04:45

Health: 1/28       AC: 21    Str:  8    XL:     2   Next: 62%
Magic:  0/5        EV:  2    Int: 16    God:
Gold:   26         SH:  0    Dex: 13    Spells: 4/6 levels left

rFire    . . .     SeeInvis .   b - +0 dagger
rCold    . . .     Faith    .   (no shield)
rNeg     + + +     Spirit   .   (armour currently unavailable)
rPois    +         Reflect  .   (helmet currently unavailable)
rElec    .         Harm     .   (cloak currently unavailable)
rCorr    .         Rampage  .   (gloves currently unavailable)
Will     .....     NoTele   +   (boots currently unavailable)
Stlth    ++........             (no amulet)
HPRegen  0.09/turn              (no ring)
MPRegen  0.09/turn              (no ring)

@: tree-form
A: stationary, stasis, torment immunity, boosted hp, foul stench 1
a: no special abilities


You were on level 2 of the Dungeon.
You were a tree.
You visited 1 branch of the dungeon, and saw 4 of its levels.

You collected 26 gold pieces.

Inventory:

Hand Weapons
 b - a +0 dagger (weapon)
Missiles
 g - 11 stones
Armour
 a - a +0 robe (melded)
Jewellery
 f - an amulet of guardian spirit
Scrolls
 c - 2 scrolls of blinking {unknown}
 d - a scroll of fog {unknown}


   Skills:
 - Level 1.7 Dodging
 - Level 1.7 Stealth
 + Level 2.5 Spellcasting
 + Level 4.8 Necromancy


You had 4 spell levels left.
You knew the following spells:

 Your Spells              Type           Power      Damage    Failure   Level
a - Pain                  Necr           68%        1d7       2%          1
b - Animate Skeleton      Necr           34%        N/A       2%          1

Your spell library contained the following spells:

 Spells                   Type           Power      Damage    Failure   Level
 Vampiric Draining        Necr           8%         2d7       8%          3
 Animate Dead             Necr           8%         N/A       26%         4
 Call Canine Familiar     Summ           2%         N/A       52%         3
 Portal Projectile        Hex/Tloc       4%         N/A       52%         3
 Leda's Liquefaction      Hex/Erth       1%         N/A       89%         4
 Agony                    Necr           17%        N/A       58%         5


Dungeon Overview and Level Annotations

Branches:
Dungeon (4/15)
 Temple: D:4-7

Altars:

Shops:
D:3 *

Annotations:
D:2 Terence
D:4 Blork the orc


Innate Abilities, Weirdness & Mutations

You are a tree.
Your roots penetrate the ground, keeping you stationary.
You cannot be teleported.
You are immune to unholy pain and torment.
Your maximum health is greatly increased.
Your equipment is partially melded.
You may rarely emit foul miasma when damaged in melee.


Message History

It was a potion of lignification.
You turn into a tree.
Your +0 robe melds into your body.
Your roots penetrate the ground.
The jackal bites you but does no damage.
The giant cockroach barely misses you.
The jackal bites you but does no damage.
Casting: Pain (safe; 2% risk of failure)
Confirm with . or Enter, or press ? or * to list all spells.
You don't have enough magic to cast this spell.
Unknown command.
The giant cockroach bites you but does no damage.
The jackal bites you but does no damage.
Casting: Pain (safe; 2% risk of failure)
Confirm with . or Enter, or press ? or * to list all spells.
You don't have enough magic to cast this spell.
The jackal bites you but does no damage.
The giant cockroach bites you but does no damage.
The jackal bites you but does no damage.
The giant cockroach bites you but does no damage.
The jackal bites you but does no damage.
You closely miss the giant cockroach.
The giant cockroach bites you but does no damage.
The jackal bites you but does no damage.
The giant cockroach bites you.
* * * LOW HITPOINT WARNING * * *
You hit the jackal but do no damage. The jackal barely misses you.
The giant cockroach bites you but does no damage.
The jackal bites you but does no damage.
You barely miss the jackal.
The giant cockroach bites you but does no damage.
The jackal bites you but does no damage.
Casting: Pain (safe; 2% risk of failure)
Confirm with . or Enter, or press ? or * to list all spells.
Aiming: Pain (safe; 2% risk of failure)
Press: ? - help, Shift-Dir - straight line, f - jackal
Aim: a jackal (chance to affect: 87%)
The jackal barely resists.
The jackal bites you but does no damage.
The giant cockroach bites you.
* * * LOW HITPOINT WARNING * * *
Are you sure you want to abandon this character and quit the game? (Confirm with "yes".)

### # #.####.# #.hh♣B.# #.####.#
#.# # #.#### #h# ### #.#... ##
#h# ..# #.#.## ... #.# #.# #.#.##
.... #.# #.# #.#... ..... #.#
#####.# #.#..#
......#######.######.....###.#...


You could see 2 jackals and a giant cockroach.

Vanquished Creatures
  A ball python (D:1)
  2 endoplasms (D:1)
  A giant cockroach (D:3)
  3 goblins
  A hobgoblin (D:1)
  3 jackals
  A bat (D:1)
  A frilled lizard (D:1)
  3 kobolds (D:1)
  2 rats (D:1)
18 creatures vanquished.

Vanquished Creatures (others)
  4 toadstools (D:2)
4 creatures vanquished.

Grand Total: 22 creatures vanquished

Notes
Turn   | Place    | Note
-------+----------+-------------------------------------------
     0 | D:1      | DocSulfur the Demonspawn Necromancer began the quest for
                  | the Orb.
     0 | D:1      | Reached XP level 1. HP: 13/13 MP: 3/3
   662 | D:1      | Gained mutation: You may rarely emit foul miasma when
                  | damaged in melee. [demonic ancestry]
   662 | D:1      | Reached XP level 2. HP: 18/19 MP: 3/5
  1081 | D:1      | Learned a level 1 spell: Animate Skeleton
  1505 | D:2      | Noticed Terence
  1632 | D:3      | Found Goufojeb's General Store.
  1696 | D:4      | Noticed Blork the orc
  2184 | D:2      | HP: 1/28 [giant cockroach (1)]
  2185 | D:2      | Quit the game

Illustrated notes

Levels and vault maps discovered:
D:1:      evilmike_arrival_plus, layout_basic, serial_co_window_serial,
          co_window_of_opportunity_a, co_window_corner_a, co_window_corner_a,
          co_window_paths_a, co_window_of_opportunity_a, co_window_broadway_b,
          co_window_of_opportunity_b, co_window_corner_cb, co_window_sun,
          glass_columns_a, glass_columns_b, glass_columns_a, chequers_avenue
D:2:      layout_basic, basic_ecumenical_altar, minmay_gold_behind_fungi,
          uniq_terence, uniq_jessica
D:3:      layout_loops_ring, serial_shops, nicolae_square_shop,
          minmay_misc_feat_hallway, minmay_box_of_dots, uniq_crazy_yiuf_cottage
D:4:      layout_basic, overflow_temple_1_default,
          minmay_temple_entry_proselytizer, uniq_blork_the_orc

Action                   || total
-------------------------++-------
Melee: Dagger            ||    22
 Cast: Pain              ||    27
       Animate Skeleton  ||     1
  Use: Potion            ||     1
Armor: Robe              ||     7
       Skin              ||    16
Dodge: Dodged            ||    22

Table legend: (Time is in decaauts)
 A = Elapsed time spent in this place.
 B = Non-inter-level travel time spent in this place.
 C = Inter-level travel time spent in this place.
 D = Time resting spent in this place.
 E = Time spent auto-exploring this place.
 F = Levels seen in this place.
 G = Mean time per level.
                   A        B        C        D        E       F      G
               +--------+--------+--------+--------+--------+-----+--------+
         Total |   2185 |   2126 |     59 |      0 |   1734 |   4 |  546.2 |
       Dungeon |   2185 |   2126 |     59 |      0 |   1734 |   4 |  546.2 |
               +--------+--------+--------+--------+--------+-----+--------+

Top non-repeatable levels by time:
     D:1: 1854 daAuts
     D:3: 198 daAuts
     D:2: 89 daAuts
     D:4: 43 daAuts
